 Dungeon Crawl Stone Soup version 0.28-a0-723-g095bd1b44f (webtiles) character file.

Game seed: 6096086475232967693

11104 ytrimaz the Artisan of Death (level 11, -5/84 HPs)
             Began as a Demonspawn Necromancer on Oct 25, 2021.
             Was a Priest of Kikubaaqudgha.
             Slain by an orc knight (21 damage)
             ... in a bailey.
             The game lasted 00:31:56 (12801 turns).

ytrimaz the Artisan of Death (DsNe)                Turns: 12801, Time: 00:31:56

Health: -5/84      AC: 28    Str: 10    XL:     11   Next: 44%
Magic:  24/24      EV: 12    Int: 19    God:    Kikubaaqudgha [***...]
Gold:   625        SH:  0    Dex: 17    Spells: 3/28 levels left

rFire   + . .      SeeInvis .   e - +10 long sword "Hydra's Nightmare" {drain, rC+ Dex+4}
rCold   + . .      Faith    .   (no shield)
rNeg    . . .      Spirit   .   o - +3 leather armour {rF+}
rPois   +          Reflect  .   (no helmet)
rElec   .          Harm     .   n - +2 cloak
rCorr   .          Rampage  .   E - +2 pair of gloves
Will    .....                   r - +2 pair of boots
Stlth   ++........              x - amulet of regeneration
HPRegen 1.24/turn               c - +4 ring of protection
MPRegen 0.19/turn               i - ring of poison resistance

@: sanguine armoured, studying Throwing
A: powered by death 1, powered by pain 1, sanguine armour 2, demonic touch 1
a: Renounce Religion, Receive Corpses


You were in a bailey.
You worshipped Kikubaaqudgha.
Kikubaaqudgha was most pleased with you.
You visited 2 branches of the dungeon, and saw 12 of its levels.
You also visited: Bailey.

You collected 625 gold pieces.

Inventory:

Hand Weapons
 e - the +10 long sword "Hydra's Nightmare" (weapon) {drain, rC+ Dex+4}
   (You acquired it on level 4 of the Dungeon)

   A truly terrible weapon, it drains the life of any living foe it strikes.
   Dex:       It affects your dexterity (+4).
   rC:        It protects you from cold.
 h - a +1 dagger
Armour
 l - a +1 kite shield of fire resistance
 n - a +2 cloak (worn)
 o - a +3 leather armour of fire resistance (worn)
 r - a +2 pair of boots (worn)
 E - a +2 pair of gloves (worn)
Jewellery
 a - a ring of willpower
 c - a +4 ring of protection (left hand)
 i - a ring of poison resistance (right hand)
 j - a ring of willpower
 m - a ring of protection from fire
 u - a +6 ring of dexterity
 x - an amulet of regeneration (around neck)
 H - an amulet of faith
 J - a +4 ring of evasion
Wands
 y - a wand of charming (5)
 C - a wand of mindburst (43)
 D - a wand of flame (10)
 I - a wand of iceblast (4)
Scrolls
 d - 2 scrolls of identify
 f - 5 scrolls of teleportation
 q - 2 scrolls of noise
 t - a scroll of summoning
 v - a scroll of fog
 w - 3 scrolls of amnesia
 F - a scroll of blinking
Potions
 b - 2 potions of brilliance
 g - a potion of berserk rage
 k - 4 potions of curing
 p - 3 potions of ambrosia
 s - a potion of heal wounds {unknown}
 z - 2 potions of haste {unknown}
 B - a potion of flight {unknown}
 G - a potion of attraction {unknown}


   Skills:
 * Level 7.1 Fighting
 - Level 0.8(5.3) Short Blades
 * Level 8.5 Long Blades
 - Level 1.8 Dodging
 - Level 1.7 Stealth
 + Level 9.2 Spellcasting
 * Level 3.1 Summonings
 + Level 11.3 Necromancy


You had 3 spell levels left.
You knew the following spells:

 Your Spells              Type           Power      Damage    Failure   Level
a - Pain                  Necr           100%       1d9       1%          1
b - Vampiric Draining     Necr           25%        2d9       1%          3
c - Agony                 Necr           51%        N/A       3%          5
d - Summon Cactus Giant   Summ           10%        N/A       99%         6
e - Dispel Undead         Necr           51%        3d19      1%          4
f - Simulacrum            Ice/Necr       15%        N/A       86%         6

Your spell library contained the following spells:

 Spells                   Type           Power      Damage    Failure   Level
 Animate Skeleton         Necr           100%       N/A       1%          1
 Sublimation of Blood     Necr           25%        N/A       1%          2
 Scorch                   Fire           16%        2d5       17%         2
 Conjure Flame            Conj/Fire      8%         6-21      32%         3
 Ignite Poison            Fire/Tmut/Pois 8%         N/A       32%         3
 Animate Dead             Necr           25%        N/A       1%          4
 Excruciating Wounds      Necr           25%        N/A       3%          5
 Flame Wave               Conj/Fire      8%         3d4       73%         4
 Sticky Flame             Conj/Fire      8%         2d3       73%         4


Dungeon Overview and Level Annotations

Branches:
Dungeon (11/15)            Temple (1/1) D:4            Lair (0/6) D:11
    Orc (0/2) D:11         Bailey (1/1)

Altars:
Ashenzari
Cheibriados
Dithmenos
Elyvilon
Fedhas
Gozag
Hepliaklqana
Kikubaaqudgha
Makhleb
Nemelex Xobeh
Okawaru
Qazlal
Ru
Sif Muna
Trog
Uskayaw
Vehumet
Wu Jian
Xom
Yredelemnul
Zin
The Shining One

Shops:
D:1 *   D:2 ?   D:7 [

Annotations:
D:10 2 runed translucent doors
D:11 3 runed translucent doors, AlleluiaPinecone's ghost, journeyman TrBe


Innate Abilities, Weirdness & Mutations

You regenerate a little health from kills.
You sometimes gain a little power by taking damage.
When seriously injured, your bleeding wounds create thick armour. (AC +9)
Your touch may inflict minor irresistible damage on your foes.


Message History

There is an empty arch of ancient stone here.
The orc warrior writhes in agony.
The orc warrior hits you from afar with a +0 halberd.
The orc warrior writhes in agony.
The orc shouts!
The orc warrior hits you from afar with a +0 halberd!!
The orc shouts!
The orc warrior writhes in agony!
The orc knight hits you from afar with a +0 halberd!
You focus on the pain.
You feel your power returning.
Your blood congeals into armour.
The orc warrior shoots a bolt.
The bolt hits you but does no damage.
The orc warrior hits you from afar with a +0 halberd.
There is a gate leading back out of this place here.
Unknown command.
Casting: Pain (safe; 1% risk of failure)
Confirm with . or Enter, or press ? or * to list all spells.
You don't know that spell.
Casting: Pain (safe; 1% risk of failure)
Confirm with . or Enter, or press ? or * to list all spells.
Okay, then.
Unknown command.
Unknown command.
Press: ? - help, v - describe, . - travel
Here: an orc knight, wielding a +0 halberd and wearing a +0 ring mail (strong)
The floor.
Unknown command.
Aiming: Charm
Press: ? - help, Shift-Dir - straight line, f/p - orc warrior
Aim: an orc warrior, wielding a +0 halberd and wearing a +0 scale mail (heavily wounded, strong, chance to affect: 46%)
The orc warrior is charmed.
The orc knight hits you from afar with a +0 halberd!!
* * * LOW HITPOINT WARNING * * *
The orc warrior shoots a bolt.
The bolt barely misses you.
Unknown command.
Okay, then.
Unknown command.
The orc knight hits you from afar with a +0 halberd!!
You die...
Kikubaaqudgha rasps: "You have failed me!
Welcome... death!"

#### ##∩## ####
....##...##....
≈≈≈..#...#..≈≈≈
≈o≈≈.......≈≈o≈
.oo≈.......≈oo.
≈o≈≈.o...o.≈≈o≈
≈≈≈..#.o.#..≈≈≈
..o #.o.# ..o #
##@## # ###


You could see an orc knight (strong), an orc warrior (strong), an orc and a
friendly orc warrior (charmed, strong).

Vanquished Creatures
  A centaur warrior (D:10)
  2 two-headed ogres
  Pikel (D:9)
  A cyclops (D:11)
  2 ugly things (D:11)
  Joseph (D:8)
  Maurice (D:9)
  An unseen horror (D:9)
  Prince Ribbit (D:7)
  2 wyverns
  Eustachio (D:4)
  6 yaks (D:10)
  A wraith (D:11)
  2 humans (D:8)
  A basilisk (D:10)
  4 water moccasins
  2 black bears
  An orc warrior (D:11)
  2 ice beasts
  A necrophage (D:5)
  A phantom (D:5)
  4 centaurs
  A lemure (D:9)
  4 kobold brigands
  7 bullfrogs
  A wyvern zombie (D:6)
  4 scorpions
  A water moccasin skeleton (D:5)
  14 killer bees
  2 vampire bats (D:3)
  A bullfrog zombie (D:7)
  A jelly (D:5)
  9 centaur zombies
  3 orc priests
  Crazy Yiuf (D:5)
  3 centaur skeletons
  2 hounds
  Terence (D:1)
  An iguana (D:4)
  7 orc wizards
  A killer bee zombie (D:8)
  A hound skeleton (D:4)
  6 gnolls
  7 adders
  A shadow imp (D:6)
  An ufetubus (D:6)
  A worm (D:3)
  4 dart slugs
  24 orcs
  7 bats
  A bat skeleton (D:3)
  5 bat zombies (D:3)
  9 endoplasms
  A hobgoblin (D:1)
  6 jackals
  28 kobolds
  A quokka (D:1)
  8 ball pythons
  3 frilled lizards (D:2)
  6 goblins
  8 rats
231 creatures vanquished.

Vanquished Creatures (others)
  4 fungi (D:11)
  5 plants
9 creatures vanquished.

Grand Total: 240 creatures vanquished

Notes
Turn   | Place    | Note
-------+----------+-------------------------------------------
     0 | D:1      | ytrimaz the Demonspawn Necromancer began the quest for the
                  | Orb.
     0 | D:1      | Reached XP level 1. HP: 13/13 MP: 3/3
   250 | D:1      | Gained mutation: When seriously injured, your bleeding
                  | wounds create armour. (AC +9) [demonic ancestry]
   250 | D:1      | Reached XP level 2. HP: 19/19 MP: 1/5
   574 | D:1      | Reached skill level 5 in Necromancy
   618 | D:1      | Noticed an eye of devastation
   623 | D:1      | Noticed a floating eye
   626 | D:1      | Found a faded altar of an unknown god.
   629 | D:1      | Noticed a shining eye
   629 | D:1      | Noticed a golden eye
  1009 | D:1      | Gained mutation: You regenerate a little health from kills.
                  | [demonic ancestry]
  1009 | D:1      | Reached XP level 3. HP: 22/24 MP: 3/6
  1082 | D:1      | Found Neonirr's General Store.
  1383 | D:2      | Noticed Terence
  1434 | D:1      | Killed Terence
  1955 | D:2      | Found Sesuuz's Magic Scroll Boutique.
  2176 | D:2      | Reached XP level 4. HP: 25/31 MP: 4/8
  2725 | D:3      | Reached skill level 1 in Fighting
  2825 | D:3      | Found a basalt altar of Yredelemnul.
  3532 | D:3      | Gained mutation: Your touch may inflict minor irresistible
                  | damage on your foes. [demonic ancestry]
  3532 | D:3      | Reached XP level 5. HP: 35/37 MP: 9/9
  3556 | D:3      | Found an ancient bone altar of Kikubaaqudgha.
  3634 | D:3      | Reached skill level 6 in Necromancy
  3729 | D:3      | Became a worshipper of Kikubaaqudgha
  3754 | D:4      | Found a broken altar of Ashenzari.
  3758 | D:4      | Found a snail-covered altar of Cheibriados.
  4070 | D:4      | Identified a scroll of acquirement
  4070 | D:4      | Acquired the +10 long sword "Hydra's Nightmare" {drain, rC+
                  | Dex+4}
  4092 | D:4      | Found a staircase to the Ecumenical Temple.
  4109 | Temple   | Entered the Ecumenical Temple
  4345 | D:4      | Found a hazy altar of Hepliaklqana.
  4345 | D:4      | Found a blossoming altar of Fedhas.
  4353 | D:4      | Found a sacrificial altar of Ru.
  4355 | D:4      | Found a shadowy altar of Dithmenos.
  4386 | D:4      | Gained mutation: When seriously injured, your bleeding
                  | wounds create thick armour. (AC +9) [demonic ancestry]
  4386 | D:4      | Reached XP level 6. HP: 43/44 MP: 8/11
  4422 | D:4      | Noticed Eustachio
  4458 | D:4      | Killed Eustachio
  4459 | D:4      | Reached skill level 1 in Long Blades
  4487 | D:4      | Learned a level 3 spell: Vampiric Draining
  4857 | D:5      | Entered Level 5 of the Dungeon
  4882 | D:5      | Reached XP level 7. HP: 38/51 MP: 5/13
  5202 | D:5      | Reached skill level 7 in Necromancy
  5295 | D:5      | Found a runed translucent door.
  5296 | D:5      | Noticed Crazy Yiuf
  5470 | D:5      | Reached * piety under Kikubaaqudgha
  5470 | D:5      | Received a gift from Kikubaaqudgha
  5479 | D:5      | Learned a level 5 spell: Agony
  5594 | D:5      | Noticed a wyvern
  5873 | D:5      | Reached XP level 8. HP: 45/58 MP: 9/15
  6085 | D:5      | Reached skill level 5 in Spellcasting
  6085 | D:5      | Reached skill level 8 in Necromancy
  6285 | D:5      | Killed Crazy Yiuf
  6828 | D:6      | Found a hide-covered altar of Uskayaw.
  7622 | D:6      | Learned a level 6 spell: Summon Cactus Giant
  7709 | D:7      | Reached skill level 9 in Necromancy
  7815 | D:7      | Gained mutation: You sometimes gain a little power by
                  | taking damage. [demonic ancestry]
  7815 | D:7      | Reached XP level 9. HP: 63/65 MP: 3/17
  8057 | D:7      | Found Huegroj's Antique Armour Boutique.
  8094 | D:7      | Noticed Prince Ribbit
  8101 | D:7      | Killed Prince Ribbit
  8323 | D:7      | Reached ** piety under Kikubaaqudgha
  8942 | D:8      | Reached skill level 10 in Necromancy
  9027 | D:8      | Reached skill level 5 in Long Blades
  9327 | D:8      | Found an iron altar of Okawaru.
  9346 | D:8      | Reached skill level 5 in Fighting
  9775 | D:8      | Noticed Joseph
  9785 | D:8      | Killed Joseph
  9786 | D:8      | Reached XP level 10. HP: 66/74 MP: 5/20
 10432 | D:9      | Reached skill level 11 in Necromancy
 10507 | D:9      | Noticed a two-headed ogre
 10515 | D:9      | Killed a two-headed ogre
 10534 | D:9      | Noticed Pikel
 10544 | D:9      | Noticed Maurice
 10547 | D:9      | Killed Pikel
 10553 | D:9      | Killed Maurice
 11262 | D:10     | Entered Level 10 of the Dungeon
 11262 | D:10     | Found a burning altar of Makhleb.
 11457 | D:10     | Reached skill level 1 in Summonings
 11483 | D:10     | Found a runed translucent door.
 11485 | D:10     | Found a runed translucent door.
 11838 | D:10     | Reached *** piety under Kikubaaqudgha
 11838 | D:10     | Received a gift from Kikubaaqudgha
 11875 | D:10     | Learned a level 4 spell: Dispel Undead
 11890 | D:10     | Learned a level 6 spell: Simulacrum
 12001 | D:10     | Reached XP level 11. HP: 42/83 MP: 21/23
 12038 | D:10     | Noticed a two-headed ogre
 12048 | D:10     | Killed a two-headed ogre
 12186 | D:10     | Noticed a centaur warrior
 12195 | D:10     | Killed a centaur warrior
 12401 | D:10     | Found the +4 robe of Folly {Brilliance Will-∞ Int+8}
 12533 | D:11     | Noticed a green ugly thing
 12543 | D:11     | Killed a green ugly thing
 12564 | D:11     | Noticed an angel
 12671 | D:11     | Noticed a cyan ugly thing
 12681 | D:11     | Killed a cyan ugly thing
 12693 | D:11     | Noticed a minotaur
 12701 | D:11     | Found a runed translucent gate.
 12701 | D:11     | Found a runed translucent gate.
 12701 | D:11     | Found a runed translucent gate.
 12701 | D:11     | Noticed a six-headed hydra
 12705 | D:11     | Noticed AlleluiaPinecone's ghost (journeyman TrBe)
 12768 | D:11     | Found a flagged portal.
 12789 | Bailey   | Entered a bailey
 12789 | Bailey   | Noticed an orc knight
 12789 | Bailey   | Noticed an orc knight
 12790 | Bailey   | Noticed an orc knight
 12801 | Bailey   | Slain by an orc knight

Illustrated notes

Levels and vault maps discovered:
D:1:      lemuel_arrival_cross, layout_loops_ring, serial_shops, shop,
          hellmonk_ecumenical_altar_watching_god, chequers_serial_rivers_small_a
D:2:      layout_loops_ring, serial_shops, nicolae_shop_window_shopping,
          amethyst_killhole, uniq_terence
D:3:      layout_basic, mainiacjoe_overflow_boulevard, elyvilon_altar_3,
          kennysheep_vampire_church, minmay_surrounded
D:4:      layout_basic, chequers_temple_overflow_minitemple,
          grunt_temple_overflow_open, minmay_temple_entry_stoned_glass,
          uniq_eustachio
D:5:      layout_loops_cross, uniq_crazy_yiuf_cottage
D:6:      layout_loops_corners, nicolae_uskayaw_murder_on_the_dancefloor
D:7:      layout_basic, serial_shops, nicolae_shop_overgrown_old_shop,
          uniq_prince_ribbit1
D:8:      layout_loops_ring, okawaru_humans, nicolae_straight_to_the_point,
          uniq_joseph
D:9:      layout_cave_pools, uniq_maurice, uniq_pikel
D:10:     lemuel_insect_pit, layout_cave_pods, mainiacjoe_overflow_alcove_2
D:11:     layout_roguey, grunt_lair_entry_orc_guard_hut, orc_david_3,
          enter_bailey_2, maelrawn_ghost_gauntlet_escape, zin_angel, uniq_snorg
Temple:   jpeg_temple_island
Bailey:   bailey_polearm_4, bailey

Skill      XL: |  1  2  3  4  5  6  7  8  9 10 11 |
---------------+----------------------------------+-----
Necromancy     | 5 6 7 9 10 11 | 11.3
Spellcasting   | 3 4 5 6 8 9 |  9.2
Fighting       | 1 2 3 4 5 6 7 |  7.1
Long Blades    | 2 3 4 5 7 8 |  8.5
Summonings     | 1 3 |  3.1
Short Blades   | |  0.8
Dodging        | |  1.8
Stealth        | |  1.7

Action                   |  1- 3 |  4- 6 |  7- 9 | 10-12 || total
-------------------------+-------+-------+-------+-------++-------
Melee: Dagger            |       |    84 |       |       ||    84
       Unarmed           |       |     1 |       |       ||     1
       Long sword        |       |    36 |   132 |   172 ||   340
       Touch             |       |    10 |    21 |    32 ||    63
 Cast: Pain              |    64 |    83 |   151 |    72 ||   370
       Vampiric Draining |       |     1 |     4 |     6 ||    11
       Agony             |       |       |     7 |    11 ||    18
       Dispel Undead     |       |       |       |     1 ||     1
Evoke: Wand              |       |       |       |     1 ||     1
  Use: Scroll            |     2 |     7 |     7 |     5 ||    21
       Potion            |       |       |     3 |       ||     3
 Stab: Sleeping          |       |       |     1 |       ||     1
Armor: Robe              |     3 |   147 |       |       ||   150
       Leather armour    |       |     7 |   199 |   231 ||   437
Dodge: Dodged            |     7 |   214 |   172 |   268 ||   661

Table legend: (Time is in decaauts)
 A = Elapsed time spent in this place.
 B = Non-inter-level travel time spent in this place.
 C = Inter-level travel time spent in this place.
 D = Time resting spent in this place.
 E = Time spent auto-exploring this place.
 F = Levels seen in this place.
 G = Mean time per level.
                   A        B        C        D        E       F      G
               +--------+--------+--------+--------+--------+-----+--------+
         Total |  12901 |  12280 |    621 |   1534 |   8311 |  13 |  992.4 |
       Dungeon |  12662 |  12051 |    611 |   1534 |   8102 |  11 | 1151.1 |
        Temple |    227 |    217 |     10 |      0 |    208 |   1 |  227.0 |
        Bailey |     11 |     11 |      0 |      0 |      0 |   1 |   11.0 |
               +--------+--------+--------+--------+--------+-----+--------+

Top non-repeatable levels by time:
     D:1: 1720 daAuts
     D:5: 1538 daAuts
     D:6: 1311 daAuts
     D:8: 1280 daAuts
     D:7: 1262 daAuts
    D:10: 1255 daAuts
     D:3: 1119 daAuts
     D:9: 1056 daAuts
     D:4: 930 daAuts
     D:2: 915 daAuts
    D:11: 272 daAuts
  Temple: 227 daAuts
  Bailey: 11 daAuts
